Map: Blackpink LE

Players

Posterized - Winner!

  • Race: Zerg Zerg
  • Spawn Location: 7:00

Alchemy

  • Race: Protoss Protoss
  • League: Gold
  • Spawn Location: 1:00

VOD

Have the link to the VOD?

Description

Time

  • Played on: March 5, 2018, 8:31 a.m.
  • Length: 5:57
Show
View Real Time Build Order
Export as new Build Order

Posterized Zerg - Winner!

Build Orders: Pool First 

Get SALT Encoding   

  12  0:18  Spawning Pool  
  11  0:22  Drone  
  11  0:26  Drone  
  13  0:33  Drone  
  14  0:42  Overlord  
  14  1:05  Zergling x4  
  14  1:06  Zergling x2  
  17  1:16  Zergling x2  
  18  1:20  Hatchery  
  17  1:26  Drone  
  18  1:48  Queen  
  18  1:49  Drone x2  
  22  2:01  Overlord  
  22  2:18  Zergling x2, Extractor  
  22  2:24  Queen  
  24  2:31  Drone x2  
  26  2:47  Overlord  
  26  2:48  Zergling x4  
  28  3:01  Zergling x2  
  28  3:02  Zergling x2  
  30  3:08  Zergling x2  
  30  3:09  Zergling x6  
  32  3:14  Overlord  
  32  3:18  Baneling Nest  
  31  3:21  Zergling x2  
  32  3:36  Zergling x6  
  32  3:37  Zergling x4  
  32  3:38  Zergling x2  
  36  3:42  Pneumatized Carapace  
  35  3:55  Zergling x2  
  31  3:56  Zergling x8  
  33  4:12  Baneling x3  
  33  4:14  Zergling x6  
  36  4:31  Zergling x8  
  36  4:45  Baneling x4  
  35  4:48  Zergling x2  
  35  4:49  Zergling x2  
  37  4:56  Zergling x4  
  38  5:10  Zergling x2  
  38  5:11  Zergling x6  
  38  5:14  Zergling x2  
  42  5:19  Baneling x3  
  42  5:21  Baneling  
  43  5:28  Zergling x2  
Show
View Real Time Build Order
Export as new Build Order

Alchemy Protoss 

Build Orders: Cannon Rush 

Get SALT Encoding   

  12  0:01  Probe  
  13  0:13  Probe  
  14  0:19  Pylon  
  14  0:26  Probe  
  15  0:38  Probe  
  15  0:41  Forge  
  16  0:48  Pylon  
  16  0:53  Probe  
  17  1:10  Gateway  
  17  1:12  Gateway  
  17  1:26  Pylon  
  17  1:47  Photon Cannon  
  17  1:49  Photon Cannon  
  17  1:50  Photon Cannon  
  17  1:57  Zealot  
  17  1:59  Zealot  
  20  2:11  Pylon  
  20  2:25  Zealot  
  20  2:26  Zealot  
  23  2:53  Probe  
  23  2:54  Zealot  
  21  3:05  Probe  
  22  3:12  Photon Cannon  
  22  3:21  Zealot  
  26  3:41  Zealot (Chrono Boost)  
  26  3:43  Probe  
  27  3:53  Zealot (Chrono Boost)  
  26  3:55  Probe  
  22  4:14  Zealot (Chrono Boost)  
  16  4:43  Assimilator  
  16  4:45  Assimilator  
  14  4:48  Probe  
  15  5:00  Probe (Chrono Boost)  
  16  5:12  Probe (Chrono Boost)  
  13  5:20  Probe (Chrono Boost)  
  14  5:26  Gateway  
  14  5:27  Probe  
Tags
 
Add a new tag
Caveats
  • Supply blocks, unpowered buildings, or Contaminate may cause inaccurate times.
  • Supply counts are checked every 10 seconds.